[Event "ICC Open 2015"]
[Site "Internet Chess Club"]
[Date "2015.05.30"]
[Round "4"]
[White "FytinFrank"]
[Black "A4-H5"]
[Result "1-0"]
[ICCResult "Black forfeits on time"]
[WhiteElo "2009"]
[BlackElo "1686"]
[Opening "Sicilian: closed"]
[ECO "B23"]
[NIC "SI.44"]
[Time "14:39:05"]
[TimeControl "180+0"]

1. e4 c5 2. Nc3 d6 3. f4 Nc6 4. Nf3 g6 5. d4 cxd4 6. Nxd4 Bg7 7. Be3 Nf6 8.
Be2 O-O 9. O-O Ng4 10. Bxg4 Bxg4 11. Qd2 Nxd4 12. Bxd4 Bxd4+ 13. Qxd4 Rc8
14. h3 Be6 15. f5 Bc4 16. Rf2 e5 17. Qe3 Qb6 18. Qxb6 axb6 19. Rd1 Rc6 20.
Rfd2 gxf5 21. exf5 d5 22. Nxd5 Bxd5 23. Rxd5 Rxc2 24. Rb5 Kg7 25. Rxb6 Ra8
26. a3 Rac8 27. Rd5 Re2 28. f6+ Kg6 29. Rb3 Rcc2 30. Rg3+ Kxf6 31. Rb5 e4
32. Rgb3 Rxg2+ 33. Kf1 Rgf2+ 34. Ke1 Rh2 35. Rb6+ Kf5 36. R3b5+ Kf4 37. Kd1
Rcg2 38. Rf6+ Ke3 39. Rf1 Rd2+ 40. Kc1 Kd3 41. Rb3+ Kd4 42. Rxf7 e3 43. Rd7+
Ke5 44. Rxe3+ Kf6 45. Rxd2 Rh1+ 46. Kc2 Kf7 47. Rf2+ {Black forfeits on
time} 1-0

[Event "ICC Open 2015"]
[Site "Internet Chess Club"]
[Date "2015.05.30"]
[Round "4"]
[White "EbbeK"]
[Black "TapculescuM"]
[Result "0-1"]
[ICCResult "White checkmated"]
[WhiteElo "1512"]
[BlackElo "1824"]
[Opening "Sicilian: Scheveningen variation"]
[ECO "B80"]
[NIC "SI.19"]
[Time "14:39:43"]
[TimeControl "180+0"]

1. e4 c5 2. Nf3 e6 3. d4 cxd4 4. Nxd4 Nf6 5. Nc3 d6 6. Be3 a6 7. f3 Be7 8.
Bc4 Qc7 9. Bb3 Nc6 10. Qd2 Na5 11. O-O-O Nxb3+ 12. axb3 O-O 13. g4 Nd7 14.
g5 b5 15. h4 b4 16. Na4 Nc5 17. h5 e5 18. Nf5 Nxb3+ 19. Kb1 Nxd2+ 20. Bxd2
Bxf5 21. exf5 d5 22. g6 fxg6 23. fxg6 Rxf3 24. h6 hxg6 25. hxg7 Bf6 26. Bxb4
Kxg7 27. Nc5 Qb6 28. Rxd5 Qxb4 29. Rd7+ Kg8 30. Ne6 e4 31. Rg1 Qxb2#
{White checkmated}
0-1

[Event "ICC Open 2015"]
[Site "Internet Chess Club"]
[Date "2015.05.30"]
[Round "4"]
[White "Talion"]
[Black "Crack-del29"]
[Result "1-0"]
[ICCResult "Black resigns"]
[WhiteElo "2855"]
[BlackElo "2424"]
[Opening "Queen's pawn, Mason variation"]
[ECO "D00"]
[NIC "QP.08"]
[Time "14:39:27"]
[TimeControl "180+0"]

1. d4 d5 2. Bf4 Nf6 3. e3 g6 4. c3 Bg7 5. Nd2 c5 6. Ngf3 Nc6 7. dxc5 Nd7 8.
Nb3 e5 9. Bg3 e4 10. Nfd4 O-O 11. Nb5 Nf6 12. Be2 h5 13. h3 Be6 14. O-O a6
15. N5d4 Qd7 16. Nxc6 bxc6 17. Nd4 a5 18. a4 Nh7 19. h4 Bf6 20. b4 Rfc8 21.
b5 cxb5 22. c6 Qe7 23. axb5 Bxh4 24. Bh2 Qc5 25. c4 dxc4 26. Qa4 Bf6 27.
Nxe6 fxe6 28. Qxc4 Qxc4 29. Bxc4 Bxa1 30. Bxe6+ Kg7 31. Bxc8 Bc3 32. Bb7
{Black resigns}
1-0

[Event "ICC Open 2015"]
[Site "Internet Chess Club"]
[Date "2015.05.30"]
[Round "4"]
[White "JArookie"]
[Black "Nos"]
[Result "0-1"]
[ICCResult "White forfeits on time"]
[WhiteElo "1913"]
[BlackElo "2376"]
[Opening "French: advance, Wade variation"]
[ECO "C02"]
[NIC "FR.03"]
[Time "14:39:07"]
[TimeControl "180+0"]

1. e4 e6 2. d4 d5 3. e5 c5 4. c3 Qb6 5. Nf3 Bd7 6. Be2 cxd4 7. Nxd4 Nc6 8.
Nxc6 bxc6 9. O-O Ne7 10. b3 Ng6 11. Be3 Bc5 12. Bd4 Bxd4 13. cxd4 c5 14. f4
cxd4 15. Kh1 O-O 16. Nd2 Ne7 17. Nf3 Nf5 18. Qd2 Rac8 19. g4 Ne3 20. Rfc1
Nxg4 21. Nxd4 Nf2+ 22. Kg2 Ne4 23. Qd3 Rxc1 24. Rxc1 f6 25. exf6 Rxf6 26.
Bf3 Rxf4 27. Rc2 Ng5 28. Rd2 Nxf3 29. Nxf3 Rg4+ 30. Kh3 Qb4
{White forfeits on time}
0-1

[Event "ICC Open 2015"]
[Site "Internet Chess Club"]
[Date "2015.05.30"]
[Round "4"]
[White "BennieHill"]
[Black "Xapado"]
[Result "1-0"]
[ICCResult "Black forfeits on time"]
[WhiteElo "1220"]
[BlackElo "1530"]
[Opening "Caro-Kann defense"]
[ECO "B10"]
[NIC "CK.01"]
[Time "14:38:36"]
[TimeControl "180+0"]

1. e4 c6 2. Nf3 d5 3. e5 Bg4 4. d4 e6 5. Be2 c5 6. c3 Nc6 7. a3 Qb6 8. O-O
Bxf3 9. Bxf3 cxd4 10. b4 dxc3 11. Qc2 Nxe5 12. Be2 d4 13. Qa4+ Qc6 14. Bb5
d3 15. Bxc6+ Nxc6 16. Nxc3 Nf6 17. Nb5 Rc8 18. Nxa7 Rd8 19. Nxc6 bxc6 20.
Qxc6+ Nd7 21. Be3 Be7 22. Bc5 Bxc5 23. Qxc5 Nxc5 24. bxc5 Kd7 25. Rad1 Kc6
26. Rd2 Rd4 27. Rc1 Ra8 28. Rc3 Rad8 29. f3 e5 30. Kf2 f5 31. Ke3 e4 32.
fxe4 fxe4 33. g3 Ra4 34. h3 Rd5 35. g4 Rxc5 36. Rxc5+ Kxc5 37. h4 Kd5 38. h5
Rxa3 39. Rb2 Rc3 40. Rb5+ Rc5 41. Rb2 Rc2 42. Rb5+ Rc5 43. Rb8 Ra5 44. Rd8+
Ke5 45. Re8+ Kd5 46. Rd8+ Ke5 47. Rg8 Kd5 48. Rxg7 Ra2 49. Rd7+ Kc4 50. Rc7+
{Black forfeits on time}
1-0

[Event "ICC Open 2015"]
[Site "Internet Chess Club"]
[Date "2015.05.30"]
[Round "4"]
[White "PraPad"]
[Black "sonovkong"]
[Result "1-0"]
[ICCResult "Black forfeits on time"]
[WhiteElo "1907"]
[BlackElo "1582"]
[Opening "Grünfeld: 5.Bf4"]
[ECO "D92"]
[NIC "GI.07"]
[Time "14:38:52"]
[TimeControl "180+0"]

1. d4 Nf6 2. Nf3 g6 3. c4 d5 4. Nc3 Bg7 5. Bf4 c6 6. e3 O-O 7. Be2 Bg4 8. h3
Bxf3 9. Bxf3 dxc4 10. a4 Nbd7 11. Qe2 e6 12. Qxc4 Nd5 13. O-O Nxf4 14. exf4
Nb6 15. Qe2 Qxd4 16. Rad1 Qxf4 17. Ne4 Nd5 18. Nc5 Qc7 19. Rfe1 Rad8 20. Qc2
Nf4 21. b3 Rxd1 22. Rxd1 Nd5 23. Bxd5 exd5 24. Re1 b6 25. Nd3 c5 26. Nb4 Qd7
27. Nd3 Re8 28. Rd1 Bd4 29. b4 Rc8 30. bxc5 bxc5 31. Qe2 Re8 32. Qf3 Qd6 33.
Nf4 Rd8 34. Ne2 Bg7 35. Nf4 d4 36. Qd3 Bh6 37. Ne2 Qd5 38. Ng3 Bf4 39. Re1
Bxg3 40. Qxg3 c4 41. Qc7 d3 42. Qxd8+ {Black forfeits on time} 1-0

[Event "ICC Open 2015"]
[Site "Internet Chess Club"]
[Date "2015.05.30"]
[Round "4"]
[White "rovov"]
[Black "TacticsTime"]
[Result "1-0"]
[ICCResult "Black checkmated"]
[WhiteElo "1595"]
[BlackElo "1300"]
[Opening "Réti opening"]
[ECO "A04"]
[NIC "QP.11"]
[Time "14:39:09"]
[TimeControl "180+0"]

1. Nf3 a6 2. c4 b5 3. cxb5 axb5 4. d4 Bb7 5. Nc3 b4 6. Nb1 Nf6 7. e3 e6 8.
Bd3 d6 9. O-O Nbd7 10. Bd2 Rg8 11. Bxb4 g5 12. Nc3 g4 13. Nd2 h5 14. e4 h4
15. Qe2 g3 16. h3 gxf2+ 17. Qxf2 Qe7 18. Rae1 O-O-O 19. Qe2 Bh6 20. Ba6 Rg3
21. Bxb7+ Kxb7 22. Qb5+ Nb6 23. Nc4 Rdg8 24. Re2 Rxh3 25. Nxb6 cxb6 26. Ba5
Rg5 27. Qxb6+ Kc8 28. Nb5 Rhg3 29. Nxd6+ Kd7 30. Qc7# {Black checkmated} 1-0

[Event "ICC Open 2015"]
[Site "Internet Chess Club"]
[Date "2015.05.30"]
[Round "4"]
[White "yaguaro"]
[Black "flinkfinger"]
[Result "1/2-1/2"]
[ICCResult "Game drawn by repetition"]
[WhiteElo "2002"]
[BlackElo "2328"]
[Opening "Benko's opening"]
[ECO "A00"]
[NIC "VO.09"]
[Time "14:38:56"]
[TimeControl "180+0"]

1. g3 d5 2. Bg2 c6 3. d3 Nf6 4. Nd2 g6 5. e4 Bg7 6. Ngf3 O-O 7. O-O a5 8. a4
Na6 9. Re1 Nb4 10. e5 Ne8 11. Nf1 f6 12. c3 Na6 13. d4 c5 14. Be3 cxd4 15.
cxd4 Nb4 16. h3 Bf5 17. Rc1 Rc8 18. Rxc8 Qxc8 19. Qd2 Bxh3 20. exf6 Nxf6 21.
Ng5 Bxg2 22. Kxg2 Qf5 23. Nh2 Nc2 24. Re2 Nxe3+ 25. Qxe3 Bh6 26. f4 Bxg5 27.
fxg5 Ne4 28. Nf3 Rc8 29. Ne5 Nxg5 30. Rf2 Qe4+ 31. Qxe4 Nxe4 32. Rf7 Rc2+
33. Kg1 Nxg3 34. Rxe7 Ne2+ 35. Kf1 Nxd4 36. Rxb7 Nf5 37. Ng4 Rc6 38. Rd7 d4
39. Ke2 h5 40. Nf2 Rc2+ 41. Kf3 Rxb2 42. Ne4 Rb1 43. Nf6+ Kf8 44. Nh7+ Ke8
45. Nf6+ Kf8 46. Nh7+ Ke8 47. Nf6+ Kf8 48. Nh7+ Ke8 49. Nf6+
{Game drawn by repetition}
1/2-1/2

[Event "ICC Open 2015"]
[Site "Internet Chess Club"]
[Date "2015.05.30"]
[Round "4"]
[White "kurka56"]
[Black "a-man"]
[Result "1-0"]
[ICCResult "Black checkmated"]
[WhiteElo "1802"]
[BlackElo "1527"]
[Opening "Nimzo-Indian: three knights variation"]
[ECO "E21"]
[NIC "NI.28"]
[Time "14:39:30"]
[TimeControl "180+0"]

1. d4 Nf6 2. c4 e6 3. Nc3 Bb4 4. Nf3 O-O 5. g3 Nc6 6. Bg2 b6 7. O-O Bb7 8.
d5 exd5 9. cxd5 Bxc3 10. dxc6 Bxc6 11. bxc3 Bxf3 12. Bxf3 Rc8 13. Ba3 Re8
14. Qd2 d6 15. Bc6 Re7 16. Bb2 Ne4 17. Bxe4 Rxe4 18. a4 Qe8 19. e3 Rd8 20.
a5 Qe5 21. axb6 axb6 22. c4 Qe8 23. Qc3 Re5 24. Ra7 c5 25. Qd3 Qc6 26. Bxe5
Qe8 27. Bxd6 Qe6 28. Rd1 h6 29. e4 Kh7 30. e5+ g6 31. Qf3 Qxc4 32. Rxf7+ Kh8
33. Qf6+ Kg8 34. Qg7# {Black checkmated} 1-0

[Event "ICC Open 2015"]
[Site "Internet Chess Club"]
[Date "2015.05.30"]
[Round "4"]
[White "LittlePeasant"]
[Black "Danya"]
[Result "0-1"]
[ICCResult "White resigns"]
[WhiteElo "2766"]
[BlackElo "3076"]
[Opening "English: Neo-Catalan"]
[ECO "A13"]
[NIC "QP.11"]
[Time "14:38:42"]
[TimeControl "180+0"]

1. Nf3 Nf6 2. c4 e6 3. g3 d5 4. b3 g6 5. Bg2 Bg7 6. Bb2 b6 7. O-O Bb7 8. e3
O-O 9. Qe2 Nbd7 10. Rd1 Qe7 11. Nc3 a6 12. d4 c5 13. a4 cxd4 14. Ba3 Qxa3
15. Rxa3 dxc3 16. b4 dxc4 17. Qxc4 Rac8 18. Qe2 Nd5 19. Ne1 Ne5 20. Nc2 Nc4
21. Rb3 Nd2 22. Ra3 Rfd8 23. h4 Bf8 24. Raa1 h5 25. Rac1 Nb3 26. Rb1 Nd2 27.
Rbc1 Ba8 28. b5 a5 29. Nd4 Ba3 30. Rc2 Nb4 31. Rcxd2 cxd2 32. Rxd2 Bxg2 33.
Kxg2 Bc1 34. Rd1 Rd5 35. Nc6 Nxc6 36. Rxc1 Ne7 37. Rxc8+ Nxc8 38. Qc4 Rc5
39. Qd4 Kf8 40. Qd8+ Kg7 41. e4 Rc4 42. e5 Rc5 43. f4 Rc2+ 44. Kf3 Rc5 45.
Ke2 Rc2+ 46. Kd3 Rc5 47. Ke3 Rc3+ 48. Ke2 Rc5 49. Qd7 Rc2+ 50. Ke3 Rc5 51.
Qb7 Rc3+ 52. Kd4 Rc5 53. Qxb6 Rd5+ {White resigns} 0-1

[Event "ICC Open 2015"]
[Site "Internet Chess Club"]
[Date "2015.05.30"]
[Round "4"]
[White "jergus"]
[Black "Prof-chess"]
[Result "0-1"]
[ICCResult "White forfeits on time"]
[WhiteElo "2191"]
[BlackElo "2702"]
[Opening "Caro-Kann: classical variation"]
[ECO "B18"]
[NIC "CK.10"]
[Time "14:38:58"]
[TimeControl "180+0"]

1. e4 c6 2. d4 d5 3. Nc3 dxe4 4. Nxe4 Bf5 5. Ng3 Bg6 6. Nf3 Nd7 7. Bc4 e6 8.
O-O Ngf6 9. Re1 Bd6 10. c3 O-O 11. Bg5 Qc7 12. Bb3 Bf4 13. Bh4 Rfe8 14. Qe2
Nd5 15. Ne4 Bh5 16. Bg3 e5 17. c4 Bxg3 18. cxd5 Bf4 19. d6 Qb6 20. d5 c5 21.
Qd3 f5 22. Neg5 e4 23. Qc4 Qxd6 24. Ne6 Nb6 25. Qxc5 Rxe6 26. dxe6 Qxc5
{White forfeits on time}
0-1

[Event "ICC Open 2015"]
[Site "Internet Chess Club"]
[Date "2015.05.30"]
[Round "4"]
[White "smoothg"]
[Black "Kjaan1974"]
[Result "1-0"]
[ICCResult "Black forfeits on time"]
[WhiteElo "1837"]
[BlackElo "1417"]
[Opening "Scotch gambit"]
[ECO "C44"]
[NIC "SO.06"]
[Time "14:39:03"]
[TimeControl "180+0"]

1. e4 e5 2. Nf3 Nc6 3. d4 exd4 4. Bc4 h6 5. Nxd4 Nxd4 6. Qxd4 Nf6 7. Nc3 Bb4
8. O-O Bxc3 9. bxc3 O-O 10. e5 Nh7 11. f4 d6 12. Qe4 c6 13. Bd3 g6 14. Qf3
d5 15. Qg3 Kh8 16. f5 g5 17. f6 Re8 18. h4 Qc7 19. hxg5 Qxe5 20. Bf4 Qxc3
21. g6 fxg6 22. Qxg6 Qd4+ 23. Kh1 Nxf6 24. Bxh6 Qh4+ 25. Kg1 Qd4+ 26. Rf2
Rg8 27. Qxf6+ Qxf6 28. Rxf6 Bh3 29. Bf1 Bxg2 30. Bxg2 Rae8 31. Rf2
{Black forfeits on time}
1-0

[Event "ICC Open 2015"]
[Site "Internet Chess Club"]
[Date "2015.05.30"]
[Round "4"]
[White "Machinegun"]
[Black "pierredams"]
[Result "0-1"]
[ICCResult "White checkmated"]
[WhiteElo "2481"]
[BlackElo "2021"]
[Opening "Caro-Kann: two knights, 3...Bg4"]
[ECO "B10"]
[NIC "CK.01"]
[Time "14:38:40"]
[TimeControl "180+0"]

1. e4 c6 2. Nf3 d5 3. Nc3 Bg4 4. h3 Bh5 5. g4 Bg6 6. exd5 cxd5 7. Bg2 e6 8.
d4 Nc6 9. Bg5 Be7 10. Bxe7 Ngxe7 11. Qd2 Qa5 12. h4 h6 13. h5 Bh7 14. g5
hxg5 15. Nxg5 Bf5 16. O-O-O b5 17. a3 b4 18. Na2 bxa3 19. Qxa5 axb2+ 20.
Kxb2 Nxa5 21. Nb4 Nc4+ 22. Kc3 f6 23. Nf3 Kf7 24. Nd3 Bxd3 25. cxd3 Nd6 26.
Ra1 Nef5 27. Ra5 Rhc8+ 28. Kd2 Rc7 29. Rha1 Ne7 30. Bh3 f5 31. Ne5+ Kf6 32.
Rg1 a6 33. Ng6 Nxg6 34. Rxg6+ Kf7 35. Ra1 a5 36. Rag1 Kf8 37. h6 Kg8 38.
Rxg7+ Rxg7 39. Rxg7+ Kh8 40. Rd7 a4 41. Rxd6 a3 42. Rxe6 a2 43. Bxf5 a1=Q
44. Re5 Ra2+ 45. Ke3 Qc1+ 46. Kf3 Qxh6 47. Re8+ Kg7 48. Re7+ Kf8 49. Re6
Qh5+ 50. Bg4 Qg5 51. Re5 Qd2 52. Rf5+ Ke7 53. Re5+ Kf6 54. Rf5+ Kg6 55. Rxd5
Qxf2+ 56. Ke4 Qg2+ 57. Bf3 Re2+ 58. Kf4 Qf2 59. Rg5+ Kh6 60. Rh5+ Kg6 61.
Rg5+ Kf6 62. Rf5+ Ke7 63. Re5+ Rxe5 64. dxe5 Ke6 65. Ke4 Qe1+ 66. Kf4 Qd2+
67. Kg4 Qxd3 68. Kg3 Kxe5 69. Kf2 Kf4 70. Be2 Qe3+ 71. Ke1 Kg3 72. Kd1 Kf2
73. Ba6 Qc3 74. Bd3 Qb2 75. Bc2 Ke3 76. Ke1 Qxc2 77. Kf1 Qf2# {White
checkmated} 0-1

[Event "ICC Open 2015"]
[Site "Internet Chess Club"]
[Date "2015.05.30"]
[Round "4"]
[White "regenmaker"]
[Black "pawnographer"]
[Result "1-0"]
[ICCResult "Black resigns"]
[WhiteElo "1856"]
[BlackElo "1571"]
[Opening "Queen's pawn game"]
[ECO "D02"]
[NIC "QP.08"]
[Time "14:38:48"]
[TimeControl "180+0"]

1. d4 d5 2. Nf3 c6 3. g3 Nf6 4. Bg2 Bg4 5. O-O e6 6. Ne5 Bh5 7. c4 Bd6 8.
cxd5 exd5 9. Nc3 O-O 10. f4 Nbd7 11. Qb3 Qb6 12. Qxb6 Nxb6 13. e3 Bxe5 14.
fxe5 Nfd7 15. b3 a5 16. Ba3 Rfe8 17. Rf2 a4 18. b4 Nc4 19. Bc1 Bg6 20. b5
Ndb6 21. Bf1 Rad8 22. bxc6 bxc6 23. Bxc4 Nxc4 24. Nxa4 Rb8 25. Nc5 Rb4 26.
a4 Reb8 27. a5 Rb1 28. Rxb1 Rxb1 29. Rf1 Nxa5 30. Bd2 Rxf1+ 31. Kxf1 Nc4 32.
Ke2 h6 33. Bb4 Kh7 34. Na6 Bf5 35. Nb8 Nb2 36. Nxc6 Bd3+ 37. Kd2 Be4 38. Na5
Nd3 39. Bd6 Nf2 40. Nb3 Ng4 41. h3 Nf2 42. Nc5 Nh1 43. Nxe4 dxe4 44. g4 Nf2
45. d5 Nxh3 46. Be7 {Black resigns} 1-0

[Event "ICC Open 2015"]
[Site "Internet Chess Club"]
[Date "2015.05.30"]
[Round "4"]
[White "Colombiano07"]
[Black "sceptic"]
[Result "1-0"]
[ICCResult "Black forfeits on time"]
[WhiteElo "1859"]
[BlackElo "1594"]
[Opening "Réti: King's Indian attack (Barcza system)"]
[ECO "A07"]
[NIC "QP.09"]
[Time "14:40:21"]
[TimeControl "180+0"]

1. Nf3 d5 2. g3 c6 3. Bg2 Bf5 4. O-O Nf6 5. d4 e6 6. c4 Bd6 7. Nc3 Nbd7 8.
Qb3 Qb6 9. c5 Qxb3 10. axb3 Bc7 11. b4 O-O 12. b5 e5 13. e3 e4 14. Nd2 Rfe8
15. b4 Nf8 16. bxc6 bxc6 17. b5 Bd7 18. bxc6 Bxc6 19. Nb3 Reb8 20. Na5 Bb5
21. Nxb5 Rxb5 22. Bd2 Ne6 23. Rfb1 Rxb1+ 24. Rxb1 {Black forfeits on time}
1-0

[Event "ICC Open 2015"]
[Site "Internet Chess Club"]
[Date "2015.05.30"]
[Round "4"]
[White "waynerooney"]
[Black "fearlessone"]
[Result "1-0"]
[ICCResult "Black checkmated"]
[WhiteElo "1977"]
[BlackElo "1669"]
[Opening "King's pawn opening"]
[ECO "B07"]
[NIC "VO.17"]
[Time "14:39:13"]
[TimeControl "180+0"]

1. e4 d6 2. d4 Nd7 3. Nc3 g6 4. Be3 Bg7 5. Qd2 e6 6. f3 b6 7. O-O-O Bb7 8.
h4 h6 9. Kb1 a6 10. g4 Qe7 11. Nge2 O-O-O 12. Nc1 Kb8 13. Bd3 f5 14. Qe2
fxg4 15. fxg4 Ngf6 16. g5 hxg5 17. hxg5 Nh5 18. Bxa6 Ng3 19. Qg2 Nxh1 20.
Bxb7 Kxb7 21. Rxh1 Rxh1 22. Qxh1 Rh8 23. Qg2 Qf7 24. a3 e5 25. d5 Rf8 26.
Qg4 Nc5 27. Bxc5 bxc5 28. Nb3 Rd8 29. Qe2 Qd7 30. Na5+ Ka7 31. Nc6+ Qxc6 32.
dxc6 Rb8 33. Nb5+ Kb6 34. a4 Kxc6 35. c4 Bf8 36. a5 Be7 37. a6 Bxg5 38. a7
Ra8 39. Qd1 Bd8 40. Qd5+ Kd7 41. Qxa8 Ke7 42. Qb8 c6 43. a8=Q Ke8 44. Qxd8+
Kf7 45. Qg5 Kg7 46. Qb7+ Kh8 47. Qxg6 cxb5 48. Qbh7# {Black checkmated} 1-0

[Event "ICC Open 2015"]
[Site "Internet Chess Club"]
[Date "2015.05.30"]
[Round "4"]
[White "jugador"]
[Black "pagoda"]
[Result "0-1"]
[ICCResult "White resigns"]
[WhiteElo "1681"]
[BlackElo "1944"]
[Opening "Pirc defense"]
[ECO "B07"]
[NIC "PU.08"]
[Time "14:40:14"]
[TimeControl "180+0"]

1. e4 d6 2. d4 Nf6 3. Bd3 e5 4. c3 Nc6 5. Nf3 Bg4 6. d5 Ne7 7. h3 Bxf3 8.
Qxf3 Ng6 9. O-O Be7 10. c4 a5 11. b3 O-O 12. a3 Nd7 13. Bb2 Nf4 14. Nd2 Bg5
15. b4 Nxh3+ 16. Qxh3 Bxd2 17. f4 axb4 18. fxe5 bxa3 19. Bd4 Nxe5 20. Rf5 g6
21. Rxe5 dxe5 22. Bxe5 Qe7 23. Qg3 a2 24. Rf1 Be3+ 25. Kh2 Qg5 26. Qxg5 Bxg5
27. Ra1 Bh6 28. c5 Bg7 29. Bxg7 Kxg7 30. Kg3 Ra3 {White resigns} 0-1

[Event "ICC Open 2015"]
[Site "Internet Chess Club"]
[Date "2015.05.30"]
[Round "4"]
[White "terminado"]
[Black "pasco84"]
[Result "0-1"]
[ICCResult "White forfeits on time"]
[WhiteElo "1788"]
[BlackElo "1545"]
[Opening "Ruy Lopez: Alapin's defense"]
[ECO "C60"]
[NIC "RL.01"]
[Time "14:39:54"]
[TimeControl "180+0"]

1. e4 e5 2. Nf3 Nc6 3. Bb5 Bb4 4. O-O Nge7 5. c3 Ba5 6. d4 exd4 7. cxd4 d5
8. exd5 Qxd5 9. Be2 O-O 10. Be3 Bg4 11. Nc3 Qh5 12. Ne4 Nf5 13. Ng3 Nxg3 14.
hxg3 Rae8 15. a3 Bb6 16. Qd2 h6 17. Rfe1 Rd8 18. Rad1 Qg6 19. Nh4 Qe6 20.
Bxg4 Qxg4 21. Qc3 Kh8 22. Nf3 Rd5 23. Nh2 Qd7 24. b4 Rd8 25. Nf3 f6 26. a4
a5 27. b5 Nb4 {White forfeits on time} 0-1

[Event "ICC Open 2015"]
[Site "Internet Chess Club"]
[Date "2015.05.30"]
[Round "4"]
[White "Valai"]
[Black "HaraldEskilstu"]
[Result "1-0"]
[ICCResult "Black resigns"]
[WhiteElo "2530"]
[BlackElo "2021"]
[Opening "Dutch"]
[ECO "A80"]
[NIC "HD.12"]
[Time "14:40:36"]
[TimeControl "180+0"]

1. d4 f5 2. Nf3 Nf6 3. g3 g6 4. Bg2 Bg7 5. O-O O-O 6. b4 d6 7. Bb2 Ne4 8.
Nbd2 Nxd2 9. Qxd2 Qe8 10. c4 c6 11. d5 Bd7 12. Bxg7 Kxg7 13. Qd4+ Kg8 14. h4
h6 15. c5 dxc5 16. bxc5 Qf7 17. Ne5 Qf6 18. f4 e6 19. d6 Rd8 20. Nxc6
{Black resigns}
1-0

[Event "ICC Open 2015"]
[Site "Internet Chess Club"]
[Date "2015.05.30"]
[Round "4"]
[White "Massarioli"]
[Black "Womacka"]
[Result "0-1"]
[ICCResult "White resigns"]
[WhiteElo "2152"]
[BlackElo "2449"]
[Opening "Bogo-Indian defense"]
[ECO "E11"]
[NIC "QI.01"]
[Time "14:41:02"]
[TimeControl "180+0"]

1. d4 Nf6 2. c4 e6 3. Nf3 Bb4+ 4. Bd2 c5 5. e3 O-O 6. Bd3 b6 7. a3 Bxd2+ 8.
Nbxd2 Bb7 9. O-O d6 10. Qc2 Qe7 11. Ne4 Nbd7 12. Nfd2 cxd4 13. exd4 d5 14.
Nxf6+ Nxf6 15. cxd5 Bxd5 16. Ne4 h6 17. Rfd1 Rac8 18. Qe2 Rfd8 19. h3 Nxe4
20. Bxe4 Qh4 21. Bxd5 Rxd5 22. Rac1 Rxc1 23. Rxc1 Qxd4 24. Rc8+ Kh7 25. Rc7
Re5 26. Qc2+ f5 27. Rxa7 Re1+ 28. Kh2 Qf4+ 29. g3 Qf3 {White resigns} 0-1

[Event "ICC Open 2015"]
[Site "Internet Chess Club"]
[Date "2015.05.30"]
[Round "4"]
[White "oviwan68"]
[Black "psilocybin"]
[Result "1-0"]
[ICCResult "Black resigns"]
[WhiteElo "1947"]
[BlackElo "1476"]
[Opening "Ruy Lopez: Schliemann defense"]
[ECO "C63"]
[NIC "RL.06"]
[Time "14:39:32"]
[TimeControl "180+0"]

1. e4 e5 2. Nf3 Nc6 3. Bb5 f5 4. d3 fxe4 5. dxe4 Nf6 6. Bg5 d6 7. Qd3 Be7 8.
O-O a6 9. Bc4 Na5 10. Bb3 Nxb3 11. axb3 O-O 12. Nc3 Kh8 13. b4 Be6 14. Bxf6
Bxf6 15. b5 a5 16. b6 cxb6 17. Nb5 Be7 18. c4 Rc8 19. b3 Bg4 20. Nd2 Rc5 21.
Nb1 Rxb5 22. cxb5 Qe8 23. Nc3 Qg6 24. Kh1 h5 25. f3 Be6 26. Nd5 Bd8 27. Rac1
h4 28. Rc2 h3 29. g3 Qh6 30. Rcf2 Qg6 31. f4 Bg4 32. fxe5 Re8 33. Rf8+ Kh7
34. Rxe8 Qxe8 35. exd6 Qe5 36. Ne3 Be6 37. Nc4 Qxb5 38. e5+ g6 39. Rd1 Bg5
40. Ne3 Bxe3 41. Qxb5 Bg4 42. Rf1 Be6 43. Rf3 Bc5 44. d7 Bd5 45. Qe2 a4 46.
d8=Q {Black resigns} 1-0

[Event "ICC Open 2015"]
[Site "Internet Chess Club"]
[Date "2015.05.30"]
[Round "4"]
[White "WhiteHorse"]
[Black "wagnerbi"]
[Result "1-0"]
[ICCResult "Black checkmated"]
[WhiteElo "1874"]
[BlackElo "1942"]
[Opening "English, 1...Nf6 (Anglo-Indian defense)"]
[ECO "A15"]
[NIC "EO.64"]
[Time "14:39:50"]
[TimeControl "180+0"]

1. c4 Nf6 2. g3 g6 3. Bg2 Bg7 4. Nf3 O-O 5. d3 c6 6. O-O d5 7. Nbd2 Nbd7 8.
Rb1 Re8 9. b4 e5 10. b5 e4 11. Ne1 e3 12. fxe3 Rxe3 13. Ne4 Rxe4 14. dxe4
dxe4 15. bxc6 bxc6 16. Bg5 Qa5 17. Bxf6 Nxf6 18. Qd6 Be6 19. Rb8+ Rxb8 20.
Qxb8+ Bf8 21. h3 Nd7 22. Qb3 Qc5+ 23. Kh2 Bxc4 24. Qc2 f5 25. Qd2 Bd6 26.
Nc2 Qe5 27. Qe3 Nf6 28. Qg5 Bxe2 29. Rf2 Bd3 30. Ne3 Nh5 31. Nxf5 e3 32.
Qd8+ Bf8 33. Nh6+ Kg7 34. Qxf8# {Black checkmated} 1-0

[Event "ICC Open 2015"]
[Site "Internet Chess Club"]
[Date "2015.05.30"]
[Round "4"]
[White "Red-white"]
[Black "DarkThrone"]
[Result "1-0"]
[ICCResult "Black resigns"]
[WhiteElo "3121"]
[BlackElo "2415"]
[Opening "Réti: King's Indian attack"]
[ECO "A08"]
[NIC "QP.09"]
[Time "14:40:25"]
[TimeControl "180+0"]

1. Nf3 d5 2. g3 c5 3. Bg2 Nc6 4. d4 e6 5. O-O Nf6 6. c4 Be7 7. cxd5 exd5 8.
dxc5 O-O 9. a3 d4 10. b4 Qd5 11. Bb2 Qh5 12. Nxd4 Rd8 13. Nxc6 Rxd1 14.
Nxe7+ Kf8 15. Rxd1 Kxe7 16. Bxf6+ gxf6 17. Nc3 Bh3 18. Nd5+ Kf8 19. Nf4 Qe5
20. Bxh3 a5 21. Rab1 axb4 22. axb4 Ra2 23. Rdc1 Rb2 24. Bg2 Rxb1 25. Rxb1
Qf5 26. Rc1 Qe5 27. Bf3 Qb2 28. Nd3 Qa3 29. Kg2 Qa6 30. c6 bxc6 31. Rxc6 Qb5
32. Rc5 Qb6 33. b5 Kg7 34. Rf5 Qe6 35. g4 h6 36. h3 Qd6 37. Nf4 Qb6 38. Nh5+
Kf8 39. Nxf6 Kg7 40. Nd7 Qe6 41. Ne5 f6 42. Nd3 Qd6 43. Nf4 Qb6 44. Nh5+ Kh8
45. Rxf6 Qxb5 46. Rf8+ Kh7 47. Be4+ {Black resigns} 1-0

[Event "ICC Open 2015"]
[Site "Internet Chess Club"]
[Date "2015.05.30"]
[Round "4"]
[White "BlitzPawn94"]
[Black "zelog"]
[Result "1-0"]
[ICCResult "Black forfeits on time"]
[WhiteElo "2688"]
[BlackElo "2067"]
[Opening "Nimzovich-Larsen attack: Indian variation"]
[ECO "A01"]
[NIC "VO.08"]
[Time "14:38:38"]
[TimeControl "180+0"]

1. b3 Nf6 2. Bb2 e6 3. Nf3 Be7 4. e3 O-O 5. d4 d5 6. Nbd2 Nbd7 7. Bd3 c5 8.
Ne5 Nxe5 9. dxe5 Nd7 10. O-O Rb8 11. a4 a6 12. a5 Qc7 13. f4 f5 14. exf6
Bxf6 15. Bxf6 Nxf6 16. e4 dxe4 17. Nxe4 Bd7 18. Qd2 Rbd8 19. Qe3 Nxe4 20.
Bxe4 Bb5 21. Rf2 Rd6 22. Qh3 g6 23. Qe3 Rfd8 24. Re1 c4 25. b4 Bc6 26. c3
Bxe4 27. Qxe4 Qf7 28. Qxc4 Rc6 29. Qb3 Rd3 30. Rc1 Kg7 31. Qb2 Qf6 32. c4
Qxb2 33. Rxb2 Rd4 34. Rbc2 Rxf4 35. b5 Rc8 36. bxa6 bxa6 37. c5 Ra4 38. Rd2
Rxa5 39. c6 Rd5 40. Rb2 Kf6 41. Rb7 Ke5 42. c7 Rd7 43. Ra7 Rd6 44. Rb7 Rd7
45. Kf2 a5 46. Ra7 Kd6 47. Ra6+ Ke7 48. Re1 Rd6 49. Ra7 Kd7 50. Rxa5 Rxc7
51. Ra2 Ke7 52. Ree2 Rc5 53. Rab2 Rf5+ 54. Ke3 Kf6 55. g3 Re5+ 56. Kf3 Rxe2
57. Rxe2 h5 58. h4 e5 59. Kf2 Rd4 60. Ra2 Kf5 61. Kg2 Rb4 62. Rf2+ Ke6 63.
Rc2 Rd4 64. Kf3 Ra4 65. Rc3 Kf5 66. Ke3 g5 67. hxg5 Kxg5 68. Kf3 h4 69.
gxh4+ Rxh4 70. Rc8 Rh3+ 71. Ke4 Rh4+ 72. Kxe5 {Black forfeits on time} 1-0